 Dungeon Crawl Stone Soup version 0.30-a0-1018-g25214051b3 (webtiles) character file.

Game seed: 16408761457766667253

67603 Newt the Carver (level 14, 0/92 (99) HPs)
             Began as a Demonspawn Gladiator on Apr 7, 2023.
             Was the Champion of Okawaru.
             Slain by a catoblepas simulacrum (9 damage)
             ... on level 5 of the Lair of Beasts.
             The game lasted 00:32:54 (21358 turns).

Newt the Carver (Demonspawn Gladiator)             Turns: 21358, Time: 00:32:55

HP:   0/92 (99)     AC: 33    Str: 26    XL:     14   Next: 83%
MP:   0/20          EV: 13    Int:  5    God:    Okawaru [******]
Gold: 125           SH:  0    Dex: 15    Spells: 13/13 levels left

rFire   + . .      SeeInvis .    a - +9 demon blade
rCold   + . .      Faith    .    (no shield)
rNeg    . . .      Spirit   +    D - +3 gold dragon scales
rPois   +          Reflect  .    o - +2 helmet "Muppif" {Rampage rPois Will+++ Int-4}
rElec   .          Rampage  +    R - +0 cloak
rCorr   .                        (gloves unavailable)
Will    ++++.                    v - +0 pair of boots Stlth
                                 (no amulet)
HPRegen 0.35/turn                w - +4 ring of protection
MPRegen 0.34/turn                L - +6 ring of strength

@: mighty, heroic, drained, repel missiles
A: claws 3, repulsion field 3, spiny 2, magic shield, magic regeneration,
deterioration 1, frail 1
a: Renounce Religion, Heroism, Finesse, Duel


You were on level 5 of the Lair of Beasts.
You worshipped Okawaru.
Okawaru was exalted by your worship.
You visited 4 branches of the dungeon, and saw 22 of its levels.

You collected 1685 gold pieces.
You spent 1560 gold pieces at shops.

Inventory:

Hand Weapons
 a - a +9 demon blade (weapon)
 b - a +2 short sword of draining
Missiles
 d - 4 throwing nets
 e - 6 javelins
 i - 20 boomerangs (quivered)
 q - 4 atropa-tipped darts
 H - 19 poisoned darts
 O - a datura-tipped dart
 U - 5 boomerangs of dispersal
 X - 8 curare-tipped darts
Armour
 h - the +1 scale mail "Sily" {Will++ Dex+3}
   (Okawaru gifted it to you on level 14 of the Dungeon)

   Dex:       It affects your dexterity (+3).
   Will:      It greatly increases your willpower.
 o - the +2 helmet "Muppif" (worn) {Rampage rPois Will+++ Int-4}
   (You found it on level 3 of the Lair of Beasts)

   Int:       It affects your intelligence (-4).
   rPois:     It protects you from poison.
   Rampage:   It bestows one free step when moving towards enemies.
   Will:      It greatly increases your willpower.
 r - the +5 chain mail of the Catamount {rElec MP+9 Int-5 SInv}
   (You bought it in a shop on level 2 of the Orcish Mines)

   Int:       It affects your intelligence (-5).
   rElec:     It insulates you from electricity.
   MP:        It affects your magic capacity (+9).
   SInv:      It lets you see invisible.
 v - a +0 pair of boots (worn)
 D - +3 gold dragon scales (worn)
 G - a +1 helmet of see invisible
 R - a +0 cloak (worn)
 T - a +2 troll leather armour
 W - the +7 chain mail of the Ageless Nightmares {rElec rC+}
   (You found it on level 12 of the Dungeon)

   rC:        It protects you from cold.
   rElec:     It insulates you from electricity.
Jewellery
 k - a ring of magical power
 s - a +5 ring of evasion
 w - a +4 ring of protection (left claw)
 F - a ring of willpower
 I - a ring of flight
 L - a +6 ring of strength (right claw)
 M - a ring of protection from cold
 S - a ring of see invisible
Wands
 c - a wand of acid (3)
 m - a wand of digging (7)
 y - a wand of roots (18)
 A - a wand of polymorph (26)
 Q - a wand of flame (31)
Scrolls
 g - a scroll of fear
 l - 6 scrolls of magic mapping
 x - a scroll of poison
 B - 9 scrolls of teleportation
 E - 2 scrolls of fog
 Z - 3 scrolls of identify
Potions
 f - 9 potions of flight
 j - 2 potions of degeneration
 n - 2 potions of magic
 p - 15 potions of curing
 t - 3 potions of lignification
 u - a potion of heal wounds
 z - 2 potions of attraction
 C - 2 potions of invisibility
 J - 4 potions of brilliance
 K - 4 potions of might
 N - 2 potions of haste
 P - 2 potions of cancellation
 V - a potion of berserk rage


   Skills:
 - Level 10.0(15.0) Fighting
 - Level 4.0(14.7) Short Blades
 - Level 13.7(19.0) Long Blades
 - Level 10.0(15.0) Throwing
 + Level 9.2(14.2) Armour
 - Level 5.0(10.0) Dodging
 - Level 3.0(8.0) Stealth
 - Level 8.0(13.0) Shields
 - Level 9.0 Invocations
 - Level 6.0 Evocations


You had 13 spell levels left.
You didn't know any spells.
Your spell library contained the following spells:

 Spells                   Type           Power      Damage    Failure   Level
 Kiss of Death            Conj/Necr      0%         2d5       100%        1
 Sandblast                Erth           0%         2d4       100%        1
 Slow                     Hex            0%         N/A       100%        1
 Cigotuvi's Dreadful Rot  Necr/Pois/Air  0%         N/A       100%        2
 Ensorcelled Hibernation  Hex/Ice        0%         N/A       100%        2
 Passwall                 Tmut/Erth      0%         N/A       100%        2
 Confusing Touch          Hex            0%         N/A       100%        3
 Dazzling Flash           Conj/Hex       0%         N/A       100%        3
 Ignite Poison            Fire/Tmut/Pois 0%         N/A       100%        3
 Portal Projectile        Hex/Tloc       0%         N/A       100%        3
 Stone Arrow              Conj/Erth      0%         3d7       100%        3
 Swiftness                Air            0%         N/A       100%        3
 Vampiric Draining        Necr           0%         2d6       100%        3
 Dispel Undead            Necr           0%         3d6       100%        4
 Leda's Liquefaction      Hex/Erth       0%         N/A       100%        4
 Agony                    Necr           0%         N/A       100%        5
 Blade Hands              Tmut           0%         N/A       100%        5
 Freezing Cloud           Conj/Ice/Air   0%         6-21      100%        5
 Lee's Rapid Deconstruct  Erth           0%         3d4*      100%        5
 Silence                  Hex/Air        0%         N/A       100%        5
 Statue Form              Tmut/Erth      0%         N/A       100%        6
 Tukima's Dance           Hex            Unusable   N/A       N/A         3

Dungeon Overview and Level Annotations

Branches:
Dungeon (14/15)            Temple (1/1) D:5            Lair (5/5) D:11
  Swamp (0/4) Lair:2       Spider (0/4) Lair:2        Slime (0/5) Lair:4
    Orc (2/2) D:9             Elf (0/3) Orc:2        Vaults (0/5) D:13

Altars:
Ashenzari
Cheibriados
Dithmenos
Fedhas
Gozag
Hepliaklqana
Kikubaaqudgha
Makhleb
Nemelex Xobeh
Okawaru
Qazlal
Ru
Sif Muna
Trog
Uskayaw
Vehumet
Wu Jian
Xom
Yredelemnul
Jiyva

Shops:
D:4 *   D:10 [   Orc:2 !?[:

Annotations:
D:6 1 runed translucent door


Innate Abilities, Weirdness & Mutations

You have claws for hands.
You are surrounded by a strong repulsion field. (EV +4, RMsl)
You are mostly covered in sharp spines.
When hurt, damage is shared between your health and your magic reserves.
You regenerate magic rapidly.
Your body sometimes deteriorates upon taking damage.
You are frail. (-10% HP)


Message History

Okawaru accepts your kill.
Unknown command.
You slash the komodo dragon simulacrum!
The komodo dragon simulacrum vaporises!
Okawaru accepts your kill. The spectral death yak gores you!
* * * LOW HITPOINT WARNING * * *
You feel drained.
* * * LOW HITPOINT WARNING * * *
Rudyous's ghost points at you and mumbles some strange words.
You resist with almost no effort.
Unknown command.
You feel much better. Rudyous's ghost misses you.
The spectral death yak is struck by your spines.
The spectral death yak closely misses you.
Unknown command.
You slice Rudyous's ghost!!
You destroy Rudyous's ghost!
Okawaru accepts your kill.
Unknown command.
You slice the spectral death yak!!
The spectral death yak is moderately damaged.
The spectral death yak gores you but does no damage.
The spectral death yak is engulfed in freezing vapours.
The spectral death yak closely misses you.
Unknown command.
You slice the spectral death yak!!
The spectral death yak is severely damaged.
The spectral death yak is engulfed in freezing vapours.
The spectral death yak closely misses you.
The spectral death yak gores you!
* * * LOW HITPOINT WARNING * * *
You feel drained.
* * * LOW HITPOINT WARNING * * *
You slice the spectral death yak!!
The spectral death yak is almost destroyed.
The catoblepas simulacrum gores you!!
* * * LOW HITPOINT WARNING * * *
The catoblepas simulacrum freezes you! You resist.
You die...

.............
.##............
..#...........
#............
#.......... ##........
### #......†#########.##
#.....†)#.#.#.#....## #
#......@#.....#.....###P
#.P...ZZZ...=##.........
###P....'...:.#.........
###...'...$##.........
##.#...#....$#........#
##......#.#.#.#........#
~~......#######.........
#~...........#.........#
#~.............#........


You could see 2 spectral death yaks and a catoblepas simulacrum.

Vanquished Creatures
  The ghost of Rudyous the Thaumaturge, a journeyman DjFE of Cheibriados (Lair:5)
  Snorg (Lair:3)
  Josephine (D:10)
  A catoblepas (D:13)
  4 hydras
  A merfolk avatar (Lair:5)
  2 centaur warriors (D:13)
  5 two-headed ogres
  5 boulder beetles
  A tengu warrior (D:12)
  Urug (Orc:1)
  Sonja (Orc:1)
  Nergalle (D:11)
  2 skysharks
  5 skeletal warriors
  An orb spider (Lair:2)
  2 orc knights (Orc:2)
  4 cyclopes
  14 ugly things
  3 manticores
  12 elephants
  Joseph (D:8)
  5 black mambas
  A black mamba (shapeshifter) (D:14)
  A torpor snail (Lair:3)
  The ghost of NinjaNoafa the Gusty, a novice GnWn of Ashenzari (D:6)
  13 cane toads
  4 yaktaurs (D:13)
  4 centaur skeletons (D:13)
  A kobold demonologist (D:13)
  7 komodo dragons
  2 rime drakes
  7 trolls
  4 blink frogs
  Prince Ribbit (D:7)
  A polar bear (Lair:3)
  A blink frog (shapeshifter) (D:14)
  2 hornets
  6 dream sheep (Lair:5)
  2 slime creatures (Lair:4)
  7 wraiths
  4 wyverns
  A basilisk (Lair:4)
  26 yaks
  7 vampire mosquitoes
  3 wargs
  The ghost of mandoloar the Insei, an amateur OpTm (D:3)
  A spectral cane toad (Lair:5)
  An acid dragon (D:13)
  6 water moccasins
  3 swamp worms (Lair:2)
  An ice beast (D:8)
  38 orc warriors
  5 black bears
  A sky beast (D:7)
  A black mamba simulacrum (Lair:5)
  10 ogres
  9 wolves
  20 centaurs
  2 phantoms
  Blork the orc (D:5)
  2 kobold brigands (D:13)
  15 bullfrogs
  A gnoll sergeant (D:10)
  2 scorpions
  12 wights
  A dream sheep simulacrum (Lair:5)
  4 killer bees (D:6)
  3 howler monkeys
  A lava snake (Lair:2)
  A komodo dragon simulacrum (Lair:5)
  5 hounds
  4 jellies
  11 orc priests
  2 gnoll boudas
  Jessica (D:2)
  A sleepcap (D:7)
  Natasha (thrice) (D:2)
  20 orc wizards
  Ijyb (D:5)
  4 hell rats (Lair:3)
  Robin (D:4)
  11 gnolls
  7 adders
  A hound simulacrum (D:3)
  A white imp (D:4)
  3 worms
  2 dart slugs
  An adder simulacrum (D:3)
  84 orcs
  9 ball pythons
  6 endoplasms
  2 giant cockroaches
  21 goblins
  9 hobgoblins
  3 jackals (D:4)
  11 kobolds
  6 quokkas
  A ball python simulacrum (D:3)
  2 bats
  A frilled lizard (D:1)
  A giant cockroach simulacrum (D:3)
  A quokka simulacrum (D:3)
  3 rats
561 creatures vanquished.

Vanquished Creatures (collateral kills)
  A dart slug (D:4)
1 creature vanquished.

Vanquished Creatures (others)
  7 fungi
  25 plants
32 creatures vanquished.

Grand Total: 594 creatures vanquished

Notes
Turn   | Place    | Note
-------+----------+-------------------------------------------
     0 | D:1      | Newt the Demonspawn Gladiator began the quest for the Orb.
     0 | D:1      | Reached XP level 1. HP: 16/16 MP: 1/1
   160 | D:1      | Gained mutation: You are surrounded by a mild repulsion
                  | field. (EV +2) [demonic ancestry]
   160 | D:1      | Reached XP level 2. HP: 23/23 MP: 2/2
   375 | D:1      | Found a faded altar of an unknown god.
   542 | D:1      | Gained mutation: You are partially covered in sharp spines.
                  | [demonic ancestry]
   542 | D:1      | Reached XP level 3. HP: 27/29 MP: 3/3
   774 | D:2      | Noticed Natasha
   781 | D:2      | Killed Natasha
   872 | D:2      | Noticed Jessica
   875 | D:2      | Killed Jessica
   876 | D:2      | Reached XP level 4. HP: 38/38 MP: 4/4
   924 | D:2      | Noticed Natasha
   929 | D:2      | Killed Natasha
   930 | D:2      | Reached skill level 5 in Fighting
  1058 | D:2      | Noticed Natasha
  1070 | D:2      | Killed Natasha
  1071 | D:2      | Gained mutation: You have sharp fingernails. [demonic
                  | ancestry]
  1071 | D:2      | Reached XP level 5. HP: 31/44 MP: 5/5
  1503 | D:3      | Found a sparkling altar of Nemelex Xobeh.
  1849 | D:3      | Found a runed translucent gate.
  1849 | D:3      | Found a runed translucent gate.
  1849 | D:3      | Found a runed translucent gate.
  2027 | D:3      | Noticed mandoloar's ghost (amateur OpTm)
  2061 | D:3      | Killed mandoloar's ghost
  2062 | D:3      | Gained mutation: You have very sharp fingernails. [demonic
                  | ancestry]
  2062 | D:3      | Reached XP level 6. HP: 46/51 MP: 6/6
  2351 | D:4      | Reached skill level 5 in Dodging
  2482 | D:4      | Reached skill level 1 in Stealth
  2482 | D:4      | Gained mutation: You are surrounded by a moderate repulsion
                  | field. (EV +3) [demonic ancestry]
  2482 | D:4      | Reached XP level 7. HP: 56/56 MP: 7/7
  2556 | D:4      | Found Ewkeoram's Lightly-Used Armoury.
  2565 | D:4      | Bought a -1 demon blade for 100 gold pieces
  2639 | D:4      | Noticed Robin
  2709 | D:4      | Killed Robin
  2879 | D:5      | Entered Level 5 of the Dungeon
  2946 | D:5      | Gained mutation: You are covered in fur. (AC +1) [potion of
                  | mutation]
  2946 | D:5      | Gained mutation: You are somewhat resistant to further
                  | mutation. [potion of mutation]
  2958 | D:5      | Noticed Blork the orc
  2972 | D:5      | Reached skill level 1 in Long Blades
  2977 | D:5      | Killed Blork the orc
  2978 | D:5      | Reached skill level 2 in Long Blades
  3199 | D:5      | Noticed Ijyb
  3212 | D:5      | Killed Ijyb
  3213 | D:5      | Reached skill level 3 in Long Blades
  3266 | D:5      | Reached skill level 4 in Long Blades
  3266 | D:5      | Reached XP level 8. HP: 19/62 MP: 8/8
  3717 | D:5      | Found a staircase to the Ecumenical Temple.
  3728 | Temple   | Entered the Ecumenical Temple
  4074 | Temple   | Became a worshipper of Warmaster Okawaru
  4140 | D:5      | Reached skill level 5 in Long Blades
  4211 | D:5      | Found an opulent altar of Gozag.
  4246 | D:6      | Found a runed translucent door.
  4673 | D:6      | Found a runed translucent door.
  4679 | D:6      | Noticed NinjaNoafa's ghost (novice GnWn)
  4699 | D:6      | Reached skill level 6 in Long Blades
  4820 | D:6      | Reached * piety under Okawaru
  4938 | D:6      | Noticed a +0 spear
  4939 | D:6      | Noticed a +0 falchion
  4940 | D:6      | Noticed a +0 short sword
  4940 | D:6      | Noticed a +0 short sword
  4940 | D:6      | Noticed a +0 dagger
  4941 | D:6      | Noticed a +0 spear
  4942 | D:6      | Noticed a +0 dagger
  4942 | D:6      | Noticed a +0 falchion
  4946 | D:6      | Found a hide-covered altar of Uskayaw.
  4957 | D:6      | Reached skill level 7 in Long Blades
  5412 | D:6      | Killed NinjaNoafa's ghost
  5413 | D:6      | Reached skill level 8 in Long Blades
  5413 | D:6      | Gained mutation: You regenerate magic rapidly. [demonic
                  | ancestry]
  5413 | D:6      | Reached XP level 9. HP: 65/68 MP: 7/9
  5491 | D:7      | Found a burning altar of Makhleb.
  5491 | D:7      | Noticed a green death
  5496 | D:7      | Reached ** piety under Okawaru
  5524 | D:7      | Noticed Prince Ribbit
  5532 | D:7      | Killed Prince Ribbit
  5533 | D:7      | Reached skill level 9 in Long Blades
  5690 | D:7      | Found a bloodstained altar of Trog.
  5691 | D:7      | Found a basalt altar of Yredelemnul.
  5694 | D:7      | Found a radiant altar of Vehumet.
  5694 | D:7      | Found an ancient bone altar of Kikubaaqudgha.
  6155 | D:8      | Noticed Joseph
  6170 | D:8      | Killed Joseph
  6170 | D:8      | Reached *** piety under Okawaru
  6503 | D:8      | Gained mutation: You are mostly covered in sharp spines.
                  | [demonic ancestry]
  6503 | D:8      | Reached XP level 10. HP: 79/80 MP: 10/10
  6593 | D:8      | Reached skill level 1 in Armour
  6694 | D:8      | Identified the +0 ring mail "Goimon" {Str+5}
  6865 | D:8      | Reached **** piety under Okawaru
  7887 | D:9      | Paralysed by a hornet for 1 turns
  7892 | D:9      | Received a gift from Okawaru
  7893 | D:9      | Reached skill level 5 in Armour
  8174 | D:9      | Found a staircase to the Orcish Mines.
  8332 | D:9      | Noticed a two-headed ogre
  8340 | D:9      | Killed a two-headed ogre
  8554 | D:10     | Entered Level 10 of the Dungeon
  8638 | D:10     | Noticed Josephine
  8651 | D:10     | Killed Josephine
  8652 | D:10     | Reached skill level 5 in Shields
  8661 | D:10     | Gained mutation: You are surrounded by a strong repulsion
                  | field. (EV +4, RMsl) [demonic ancestry]
  8661 | D:10     | Reached XP level 11. HP: 46/86 MP: 11/11
  8668 | D:10     | Reached ***** piety under Okawaru
  8708 | D:10     | Found Zihiki's Specialty Armours.
  8753 | D:10     | Noticed a two-headed ogre
  8767 | D:10     | Killed a two-headed ogre
  8823 | D:10     | Identified the +0 robe of Hatiros {Dex+3} (Okawaru gifted
                  | it to you on level 10 of the Dungeon)
  8823 | D:10     | Received a gift from Okawaru
  8988 | D:10     | Reached skill level 5 in Invocations
  9194 | D:11     | Noticed a two-headed ogre
  9203 | D:11     | Killed a two-headed ogre
  9227 | D:11     | Noticed Nergalle
  9262 | D:11     | Killed Nergalle
  9502 | D:11     | Found a staircase to the Lair.
  9554 | D:11     | Noticed a boulder beetle
  9576 | D:11     | Killed a boulder beetle
  9679 | D:11     | Found an ornate altar of the Wu Jian Council.
  9866 | D:12     | Lost mutation: You are somewhat resistant to further
                  | mutation. [potion of mutation]
  9866 | D:12     | Lost mutation: You are covered in fur. (AC +1) [potion of
                  | mutation]
  9866 | D:12     | Gained mutation: Your body sometimes deteriorates upon
                  | taking damage. [potion of mutation]
  9866 | D:12     | Gained mutation: You have a pair of small antennae on your
                  | head. [potion of mutation]
  9867 | D:12     | Lost mutation: You have a pair of small antennae on your
                  | head. [potion of mutation]
  9867 | D:12     | Lost mutation: Your body sometimes deteriorates upon taking
                  | damage. [potion of mutation]
  9867 | D:12     | Gained mutation: Armour fits poorly on your strangely
                  | shaped body. [potion of mutation]
  9867 | D:12     | Gained mutation: You are weak. (Str -2) [potion of
                  | mutation]
  9867 | D:12     | Gained mutation: Your body sometimes deteriorates upon
                  | taking damage. [potion of mutation]
  9867 | D:12     | Gained mutation: You have hidden genetic potential. [potion
                  | of mutation]
  9868 | D:12     | Lost mutation: You have hidden genetic potential. [potion
                  | of mutation]
  9868 | D:12     | Lost mutation: You are weak. (Str -2) [potion of mutation]
  9868 | D:12     | Gained mutation: You are frail. (-10% HP) [potion of
                  | mutation]
  9868 | D:12     | Lost mutation: Armour fits poorly on your strangely shaped
                  | body. [potion of mutation]
 10044 | D:12     | Reached skill level 5 in Throwing
 10261 | D:12     | Identified the +7 chain mail of the Ageless Nightmares
                  | {rElec rC+}
 10371 | D:12     | Noticed a boulder beetle
 10474 | D:12     | Killed a boulder beetle
 10550 | D:12     | Noticed a two-headed ogre
 10561 | D:12     | Killed a two-headed ogre
 10562 | D:12     | Reached skill level 10 in Long Blades
 10562 | D:12     | Gained mutation: When hurt, damage is shared between your
                  | health and your magic reserves. [demonic ancestry]
 10562 | D:12     | Reached XP level 12. HP: 59/82 MP: 18/18
 10679 | D:12     | Noticed a tengu warrior
 10702 | D:12     | Killed a tengu warrior
 10702 | D:12     | Received a gift from Okawaru
 10970 | D:13     | Noticed a centaur warrior
 10977 | D:13     | Killed a centaur warrior
 10977 | D:13     | Identified the +4 mace "Niag" {pain, rC+ Dex+4} (Okawaru
                  | gifted it to you on level 13 of the Dungeon)
 10977 | D:13     | Received a gift from Okawaru
 11008 | D:13     | Noticed a seven-headed hydra
 11032 | D:13     | Killed a seven-headed hydra
 11033 | D:13     | Reached skill level 11 in Long Blades
 11229 | D:13     | Noticed a catoblepas
 11245 | D:13     | Killed a catoblepas
 11369 | D:13     | Noticed a four-headed hydra
 11391 | D:13     | Killed a four-headed hydra
 11664 | D:13     | Noticed a centaur warrior
 11674 | D:13     | Reached skill level 12 in Long Blades
 11683 | D:13     | Killed a centaur warrior
 11723 | D:13     | Reached skill level 13 in Long Blades
 11731 | D:13     | Received a gift from Okawaru
 11802 | D:13     | Noticed a two-headed ogre
 11814 | D:13     | Killed a two-headed ogre
 12072 | D:13     | Found a gate to the Vaults.
 12102 | D:14     | Found a stormy altar of Qazlal.
 12159 | D:14     | Reached XP level 13. HP: 71/88 MP: 15/19
 12219 | D:14     | Reached ****** piety under Okawaru
 12781 | D:14     | Identified the +1 scale mail "Sily" {Will++ Dex+3} (Okawaru
                  | gifted it to you on level 14 of the Dungeon)
 12781 | D:14     | Received a gift from Okawaru
 13108 | D:14     | Found a sparkling altar of Nemelex Xobeh.
 13877 | Orc:1    | Entered Level 1 of the Orcish Mines
 14009 | Orc:2    | Entered Level 2 of the Orcish Mines
 14320 | Orc:1    | Noticed Urug
 14732 | Orc:1    | Reached skill level 10 in Fighting
 14771 | Orc:2    | Reached skill level 1 in Evocations
 15088 | Orc:2    | Found a staircase to the Elven Halls.
 15232 | Orc:2    | Found Lucikhlo's Magic Scroll Shop.
 15232 | Orc:2    | Found Zoyluubekh's Antique Armour Shoppe.
 15234 | Orc:2    | Found Olumof's Book Emporium.
 15236 | Orc:2    | Found Uquyddismife's Distillery.
 15240 | Orc:2    | Bought a scroll of identify for 26 gold pieces
 15240 | Orc:2    | Bought a scroll of identify for 26 gold pieces
 15241 | Orc:2    | Bought a fine chain mail for 247 gold pieces
 15241 | Orc:2    | Identified the +5 chain mail of the Catamount {rElec MP+9
                  | Int-5 SInv} (You bought it in a shop on level 2 of the
                  | Orcish Mines)
 15248 | Orc:2    | Bought a potion of curing for 36 gold pieces
 15248 | Orc:2    | Bought a potion of curing for 36 gold pieces
 15248 | Orc:2    | Bought 3 potions of might for 144 gold pieces
 15314 | Orc:2    | Bought a runed chain mail for 195 gold pieces
 15726 | Orc:1    | Killed Urug
 15727 | Orc:1    | Reached skill level 5 in Evocations
 15778 | Orc:1    | Noticed Sonja
 15808 | Orc:1    | Killed Sonja
 16124 | Lair:1   | Entered Level 1 of the Lair of Beasts
 16155 | Lair:1   | Received a gift from Okawaru
 16830 | Lair:1   | Gained mutation: You have claws for hands. [demonic
                  | ancestry]
 16830 | Lair:1   | Reached XP level 14. HP: 95/99 MP: 18/20
 17099 | Lair:2   | Received a gift from Okawaru
 17473 | Lair:2   | Received a gift from Okawaru
 17811 | Lair:2   | Found a hole to the Spider Nest.
 18451 | Lair:2   | Found a staircase to the Swamp.
 18560 | Lair:3   | Identified the +7 hand crossbow of Ywao {drain, Str-5
                  | Int+3} (Okawaru gifted it to you on level 3 of the Lair of
                  | Beasts)
 18560 | Lair:3   | Received a gift from Okawaru
 18993 | Lair:3   | Noticed Snorg
 19007 | Lair:3   | Killed Snorg
 19338 | Lair:3   | Identified the +2 helmet "Muppif" {Rampage rPois Will+++
                  | Int-4}
 19360 | Lair:3   | Lost intelligence.
 19548 | Lair:3   | Reached skill level 10 in Throwing
 20057 | Lair:4   | Identified the +6 chain mail of Somewhere Else {Dex+5}
 20170 | Lair:4   | Found a staircase to the Slime Pits.
 20171 | Lair:4   | Found a viscous altar of Jiyva.
 20224 | Lair:4   | Received a gift from Okawaru
 20434 | Lair:5   | Entered Level 5 of the Lair of Beasts
 20911 | D:4      | Bought -1 gold dragon scales for 750 gold pieces
 21103 | Lair:5   | Received a gift from Okawaru
 21294 | Lair:5   | Found a runed translucent gate.
 21295 | Lair:5   | Found a runed translucent gate.
 21296 | Lair:5   | Found a runed translucent gate.
 21298 | Lair:5   | Noticed Rudyous's ghost (journeyman DjFE)
 21316 | Lair:5   | Received a gift from Okawaru
 21355 | Lair:5   | Killed Rudyous's ghost
 21358 | Lair:5   | Slain by a catoblepas simulacrum

Illustrated notes

Levels and vault maps discovered:
D:1:      lightli_arrival_isolated_outpost, layout_basic,
          shapermc_ecumenical_altar_pompeii, minmay_misc_feat_five
D:2:      layout_loops_ring, uniq_jessica, uniq_natasha
D:3:      layout_rooms, nicolae_overflow_crystal_walls, gammafunk_ghost_icy
D:4:      kennysheep_goblin_castle, layout_rooms,
          chequers_serial_rivers_micro_b, minmay_shop_damaged,
          minmay_misc_feat_rows
D:5:      layout_basic, lemuel_tele_altar, minmay_temple_entry_statues_pillars,
          grunt_ministairs_8, kennysheep_nondescript, uniq_blork_the_orc,
          uniq_ijyb
D:6:      layout_gridville, old_standard_altar, nicolae_uskayaw_en_pointe,
          elyvilon_altar_1, ebering_ghost_sewer_f, corner_web_ring
D:7:      layout_basic, makhleb_altar_promises_db,
          chequers_temple_overflow_statue_of_worship, uniq_prince_ribbit1
D:8:      layout_loops_ring, kennysheep_generic_room_3, uniq_joseph
D:9:      layout_roguey, david_orc_5, kennysheep_generic_room_5
D:10:     layout_loops_ring, nicolae_barding_shop, uniq_josephine
D:11:     layout_cave_pools, lair_entry_dummy, nzn_wu_jian_council_hall,
          uniq_nergalle
D:12:     layout_grid_maze
D:13:     layout_roguey, hangedman_vaults_entry_quadrant_bands,
          minmay_misc_feat_tiny, minmay_misc_feat_hallway
D:14:     layout_loops_ring, nemelex_diamond_rough_becter,
          nicolae_qazlal_scattered_showers
Temple:   minmay_temple_forest_path
Lair:1:   layout_gridlike, hangedman_lair_generics_rect
Lair:2:   layout_gridlike, palyth_hydra_swamp_entry,
          nicolae_spider_entry_orb_guardian, st_stairs_8
Lair:3:   layout_cave_pods, minivault_23, chequers_serial_rivers_large_b,
          chequers_serial_rivers_micro_c, uniq_snorg
Lair:4:   layout_concentric_octagons, minmay_slime_entry_pillars
Lair:5:   gammafunk_lair_ancient_temple, layout_cave_pods,
          gammafunk_ghost_necromancy, lemuel_fruit_tree
Orc:1:    layout_diamond_mine, basic_altar, uniq_sonja, uniq_urug
Orc:2:    st_orc_rangers, layout_caves

Skill      XL: |  1  2  3  4  5  6  7  8  9 10 11 12 13 14 |
---------------+-------------------------------------------+-----
Fighting       | 3 4 5 7 8 10 | 10.0
Short Blades   | 3 4 |  4.0
Dodging        | 3 5 |  5.0
Stealth        | 1 3 |  3.0
Long Blades    | 4 8 9 10 13 | 13.7
Armour         | 6 9 |  9.2
Shields        | 5 6 8 |  8.0
Invocations    | 9 |  9.0
Throwing       | 6 10 | 10.0
Evocations     | 6 |  6.0

Action                     |  1- 3 |  4- 6 |  7- 9 | 10-12 | 13-15 || total
---------------------------+-------+-------+-------+-------+-------++-------
  Melee: Rapier            |    15 |       |       |       |       ||    15
         Short sword       |    71 |    95 |     4 |    26 |    17 ||   213
         Demon blade       |       |       |   272 |   542 |   871 ||  1685
         Punch             |       |       |       |       |     2 ||     2
  Throw: Javelin           |       |     1 |       |       |     3 ||     4
         Throwing net      |       |       |     1 |     1 |     3 ||     5
         Boomerang         |       |       |       |     4 |    26 ||    30
         Dart              |       |       |       |     1 |       ||     1
 Invoke: Heroism           |       |       |     1 |     5 |     6 ||    12
  Evoke: Wand              |       |       |       |     2 |     1 ||     3
    Use: Scroll            |     6 |     8 |     8 |    11 |     9 ||    42
         Potion            |       |     1 |     2 |     6 |     4 ||    13
   Stab: Sleeping          |     1 |     1 |     5 |     1 |       ||     8
         Held in net/web   |       |       |     1 |     1 |       ||     2
         Distracted        |       |       |       |     1 |       ||     1
 Armour: Leather armour    |     5 |    21 |    86 |    20 |       ||   132
         Troll leather arm |       |       |       |    76 |       ||    76
         Ring mail         |       |       |       |     8 |       ||     8
         Chain mail        |       |       |       |   149 |   134 ||   283
         Scale mail        |       |       |       |       |   132 ||   132
         Gold dragon scale |       |       |       |       |    56 ||    56
  Dodge: Dodged            |    55 |    52 |   199 |   373 |   538 ||  1217
         Repelled          |       |       |       |     1 |     8 ||     9
  Block: Kite shield       |       |       |    59 |   343 |   311 ||   713

Table legend: (Time is in decaauts)
 A = Elapsed time spent in this place.
 B = Non-inter-level travel time spent in this place.
 C = Inter-level travel time spent in this place.
 D = Time resting spent in this place.
 E = Time spent auto-exploring this place.
 F = Levels seen in this place.
 G = Mean time per level.
                   A        B        C        D        E       F      G
               +--------+--------+--------+--------+--------+-----+--------+
         Total |  21135 |  19765 |   1370 |   3098 |  13063 |  22 |  960.7 |
       Dungeon |  13677 |  12787 |    890 |   2236 |   8190 |  14 |  976.9 |
        Temple |    400 |    346 |     54 |      0 |    331 |   1 |  400.0 |
          Lair |   4920 |   4706 |    214 |    419 |   3545 |   5 |  984.0 |
  Orcish Mines |   2136 |   1925 |    211 |    443 |    995 |   2 | 1068.0 |
               +--------+--------+--------+--------+--------+-----+--------+

Top non-repeatable levels by time:
    D:14: 1617 daAuts
  Lair:2: 1457 daAuts
  Lair:3: 1331 daAuts
     D:9: 1326 daAuts
    D:12: 1223 daAuts
     D:8: 1211 daAuts
     D:5: 1199 daAuts
    D:13: 1137 daAuts
   Orc:2: 1103 daAuts
     D:6: 1040 daAuts
   Orc:1: 1033 daAuts
  Lair:1: 968 daAuts
     D:2: 784 daAuts
     D:7: 747 daAuts
     D:4: 732 daAuts
